 Dungeon Crawl Stone Soup version 0.27-a0-148-g9515ab555c (webtiles) character file.

Game seed: 4189235591874488902

8 knot the Chopper (level 2, 24/24 HPs)
             Began as a Demonspawn Berserker on Jan 27, 2021.
             Was a Follower of Trog.
             Quit the game on level 1 of the Dungeon.
             The game lasted 00:00:16 (349 turns).

knot the Chopper (Demonspawn Berserker)              Turns: 349, Time: 00:00:17

Health: 24/24      AC:  3    Str: 17    XL:     2   Next: 0%
Magic:  2/2        EV: 12    Int:  8    God:    Trog [*.....]
Gold:   24         SH:  0    Dex: 12    Spells: 1/1 levels left

rFire    . . .     SeeInvis .   a - +0 hand axe
rCold    . . .     Faith    .   (no shield)
rNeg     . . .     Spirit   .   b - +0 animal skin
rPois    .         Reflect  .   (no helmet)
rElec    .         Harm     .   g - +0 cloak (curse)
rCorr    .         Rampage  .   (no gloves)
Will     .....                  (no boots)
Stlth    +.........             (no amulet)
HPRegen  0.08/turn              (no ring)
MPRegen  0.08/turn              (no ring)

@: no status effects
A: demonic magic 1
a: Renounce Religion, Berserk


You were on level 1 of the Dungeon.
You worshipped Trog.
Trog was aware of your devotion.
You visited 1 branch of the dungeon, and saw 1 of its levels.

You collected 24 gold pieces.

Inventory:

Hand Weapons
 a - a +0 hand axe (weapon)
Missiles
 c - 34 stones
 d - 19 sling bullets
Armour
 b - a +0 animal skin (worn)
 g - a cursed +0 cloak (worn)
Scrolls
 e - 2 scrolls of identify {unknown}
 f - a scroll of remove curse {unknown}
Potions
 h - a potion of brilliance {unknown}


   Skills:
 - Level 3.0 Fighting
 + Level 3.2 Axes
 - Level 1.7 Armour
 - Level 1.7 Dodging


You had one spell level left.
You didn't know any spells.
Your spell library was empty.

Dungeon Overview and Level Annotations

Branches:
Dungeon (1/15)

Altars:


Innate Abilities, Weirdness & Mutations

Spells you cast may paralyse adjacent enemies.


Message History

Trog accepts your kill.
No target in view!
No target in view!
You open the door.
There is an open door here.
e - 2 scrolls labelled KOYRPH PIYDERU (gained 1)
A frilled lizard comes into view.
A frilled lizard is nearby!
The frilled lizard hisses angrily.
A frilled lizard is nearby!
You hit the frilled lizard but do no damage.
The frilled lizard closely misses you.
You barely miss the frilled lizard. The frilled lizard barely misses you.
You hit the frilled lizard.
You kill the frilled lizard!
Trog accepts your kill.
You have reached level 2!
Your demonic ancestry asserts itself...
A menacing aura infuses your magic.
Are you sure you want to abandon this character and quit the game? (Confirm with "yes".)

## # #+# . #.#.# ..#
... #.#.# ..#
...##.#.##..#.#
.............
..........#
......#@#.#
......#.#.#.#.##
#............
+....#.......
#..#.###..... #####
+............##.>.##
##.#.#########..<..##
#.#.# ##.......#
#.#.# ##..⌠...⌠..


There were no monsters in sight!

Vanquished Creatures
  A giant cockroach (D:1)
  A hobgoblin (D:1)
  A bat (D:1)
  2 frilled lizards (D:1)
  2 goblins (D:1)
  2 rats (D:1)
9 creatures vanquished.

Notes
Turn   | Place    | Note
-------+----------+-------------------------------------------
     0 | D:1      | knot the Demonspawn Berserker began the quest for the Orb.
     0 | D:1      | Reached XP level 1. HP: 18/18 MP: 1/1
   349 | D:1      | Gained mutation: Spells you cast may paralyse adjacent
                  | enemies. [demonic ancestry]
   349 | D:1      | Reached XP level 2. HP: 24/24 MP: 2/2
   349 | D:1      | Quit the game

Illustrated notes

Levels and vault maps discovered:
D:1:      dpeg_arrival_lava_temple_mockup, layout_basic

Skill      XL: |  1 |
---------------+----+-----
Axes           | 3 |  3.2
Fighting       | |  3.0
Armour         | |  1.7
Dodging        | |  1.7

Action                   || total
-------------------------++-------
Melee: Hand axe          ||    19
Armor: Animal skin       ||     6
Dodge: Dodged            ||    10

Table legend: (Time is in decaauts)
 A = Elapsed time spent in this place.
 B = Non-inter-level travel time spent in this place.
 C = Inter-level travel time spent in this place.
 D = Time resting spent in this place.
 E = Time spent auto-exploring this place.
 F = Levels seen in this place.
 G = Mean time per level.
                   A        B        C        D        E       F      G
               +--------+--------+--------+--------+--------+-----+--------+
         Total |    351 |    351 |      0 |      0 |    291 |   1 |  351.0 |
       Dungeon |    351 |    351 |      0 |      0 |    291 |   1 |  351.0 |
               +--------+--------+--------+--------+--------+-----+--------+

Top non-repeatable levels by time:
     D:1: 351 daAuts
